 Dungeon Crawl Stone Soup version 0.16.0-18-g484a79e (webtiles) character file.

355 Tolias the Conjurer (level 6, 0/41 HPs)
             Began as a Mummy Air Elementalist on Mar 22, 2015.
             Was a Believer of Cheibriados.
             Slain by an ogre
             ... wielding a +0 giant club
              (22 damage)
             ... on level 4 of the Dungeon.
             The game lasted 00:12:58 (4342 turns).

Tolias the Conjurer (Mummy Air Elementalist)        Turns: 4342, Time: 00:12:58

Health: 0/41       AC:  3    Str: 15    XL:     6   Next: 36%
Magic:  2/12       EV: 13    Int: 19    God:    Cheibriados [**....]
Gold:   166        SH:  0    Dex: 17    Spells: 4 memorised, 3 levels left

rFire  x . .     SeeInvis .     a - +1 dagger (venom)
rCold  + . .     Clarity  .     q - +0 leather armour
rNeg   + + +     SustAb   .     (no shield)
rPois  ∞         Gourm    .     (no helmet)
rElec  .         Spirit   .     (no cloak)
rCorr  .         Warding  .     (no gloves)
rMut   .         Stasis   .     (no boots)
MR     .....                    (no amulet)
Stlth  +.........               (no ring)
                                c - ring of loudness (curse)

@: repel missiles, very slow, not resistant to hostile enchantments, very
unstealthy
A: no food or potions, fire vulnerability, restore body, cold resistance 1,
negative energy resistance 3, poison resistance, torment resistance, unbreathing
a: Bend Time, Renounce Religion


You were on level 4 of the Dungeon.
You worshipped Cheibriados.
Cheibriados was pleased with you.
You were not hungry.

You visited 1 branch of the dungeon, and saw 4 of its levels.

You collected 166 gold pieces.

Inventory:

Hand weapons
 a - a +1 dagger of venom (weapon)
 n - a +0 long sword
 w - a +0 whip
Missiles
 g - 14 poisoned needles
 m - 4 steel tomahawks (quivered)
 o - 4 tomahawks
Armour
 e - a +0 robe
 p - a +0 ring mail
 q - a +0 leather armour (worn)
Jewellery
 c - a cursed ring of loudness (left hand)
 j - an uncursed amulet of rage {unknown}
Scrolls
 d - a scroll of immolation {unknown}
 f - 2 scrolls of noise
 h - 2 scrolls of teleportation
 i - a scroll of identify {unknown}
 k - a scroll of magic mapping {unknown}
 l - a scroll of recharging {unknown}
 r - a scroll of enchant armour {unknown}
Books
 b - a book of Air

   Spells                             Type                      Level
   a - Shock                          Conjuration/Air              1
   b - Swiftness                      Charms/Air                   2
   c - Repel Missiles                 Charms/Air                   2
   d - Flight                         Charms/Air                   3
   e - Static Discharge               Conjuration/Air              3
   f - Lightning Bolt                 Conjuration/Air              5


   Skills:
 + Level 2.8 Dodging
 - Level 1.5 Stealth
 - Level 3.0 Spellcasting
 - Level 3.3 Conjurations
 - Level 3.2 Air Magic
 + Level 1.5 Invocations


You had 3 spell levels left.
You knew the following spells:

 Your Spells              Type           Power        Failure   Level  Hunger
e - Shock                 Conj/Air       ###.         6%          1    N/A
v - Repel Missiles        Chrm/Air       #.....       17%         2    N/A
w - Static Discharge      Conj/Air       ###.....     14%         3    N/A
M - Swiftness             Chrm/Air       #.......     17%         2    N/A

Dungeon Overview and Level Annotations

Branches:
Dungeon (4/15)             Temple (0/1) D:4

Altars:
Cheibriados
Okawaru
Ru
Sif Muna


Innate Abilities, Weirdness & Mutations

You do not eat or drink.
Your flesh is vulnerable to fire.
Your flesh is cold resistant.
You are immune to negative energy.
Your system is resistant to poisons.
You are immune to unholy pain and torment.
You can survive without breathing.


Message History

Aiming: Shock
Press: ? - help, Shift-Dir - straight line, f/p - ogre
Aim: an ogre, wielding a giant club (heavily wounded)
The zap hits the ogre.
The ogre is heavily wounded.
There is an open door here.
Casting: Shock
Confirm with . or Enter, or press ? or * to list all spells.
The ogre is struck by lightning.
The ogre is severely wounded.
The lightning arcs!
You are struck by lightning.
The lightning grounds out.
The ogre hits you with a giant club!
Casting: Static Discharge
Confirm with . or Enter, or press ? or * to list all spells.
The ogre is struck by lightning.
The ogre is almost dead.
The lightning arcs!
You are struck by lightning.
The lightning grounds out.
The ogre hits you with a giant club!!
Ouch! That really hurt!
You die...

####...##......#...#
.......'.%.....#...#
.......#.......#...#
.###...##.....##..<#
'###...##.....##...#
.#............))...#
.'............#....#
.####..##.....##...#
.#####+##.....##@###
.......#.......O...#
.......'...........#
...##.O##....).....#
...# .##..........#
.).# ...........#
...# ..........#
...# ....##<..# ...#
... #'###


You could see an ogre.

Vanquished Creatures
  An ogre (D:4)
  An orc priest (D:4)
  A hound (D:4)
  8 gnolls
  4 adders
  A giant mite (D:4)
  4 worms
  An adder skeleton (D:4)
  2 giant geckos
  An ooze (D:3)
  7 orcs (D:4)
  A ball python (D:2)
  9 bats
  9 hobgoblins
  4 kobolds
  2 giant cockroaches
  5 giant newts
  5 goblins
  A quokka skeleton (D:4)
  5 rats
72 creatures vanquished.

Notes
Turn   | Place    | Note
--------------------------------------------------------------
     0 | D:1      | Tolias, the Mummy Air Elementalist, began the quest for the Orb.
     0 | D:1      | Reached XP level 1. HP: 13/13 MP: 3/3
   272 | D:1      | Reached XP level 2. HP: 13/19 MP: 0/5
   975 | D:2      | Reached skill level 3 in Spellcasting
   990 | D:2      | Reached skill level 1 in Conjurations
  1247 | D:2      | Reached XP level 3. HP: 24/24 MP: 7/7
  1298 | D:2      | Found a sacrificial altar of Ru.
  1360 | D:2      | Found an iron altar of Okawaru.
  1360 | D:2      | Found a deep blue altar of Sif Muna.
  1456 | D:2      | Learned a level 2 spell: Repel Missiles
  1461 | D:2      | Learned a level 3 spell: Static Discharge
  1464 | D:2      | Learned a level 2 spell: Swiftness
  1465 | D:2      | Found a snail-covered altar of Cheibriados.
  1629 | D:2      | Became a worshipper of Cheibriados the Contemplative
  1924 | D:3      | Reached XP level 4. HP: 25/30 MP: 2/9
  2629 | D:3      | Acquired Cheibriados' first power
  2804 | D:4      | Noticed an ogre
  2812 | D:4      | Killed an ogre
  2812 | D:4      | Reached XP level 5. HP: 18/35 MP: 1/11
  3501 | D:4      | Reached XP level 6. HP: 28/41 MP: 6/12
  3527 | D:4      | Noticed an ogre
  3609 | D:4      | Reached skill level 1 in Invocations
  3834 | D:4      | Found a staircase to the Ecumenical Temple.
  4342 | D:4      | Slain by an ogre

Action                   |  1- 3 |  4- 6 || total
-------------------------+-------+-------++-------
Melee: Dagger            |    25 |    74 ||    99
 Cast: Shock             |    42 |    71 ||   113
       Static Discharge  |     1 |    12 ||    13
       Repel Missiles    |     1 |       ||     1
Invok: Bend Time         |       |     1 ||     1
  Use: Scroll            |       |     3 ||     3
